 Dungeon Crawl Stone Soup version 0.26.1-11-gd32895ea62 (webtiles) character file.

Game seed: 4457546808595758650

168 H0rd4k the Charlatan (level 5, 0/38 HPs)
             Began as a Human Artificer on May 12, 2021.
             Killed by divine providence
             ... invoked by an orc priest
              (11 damage)
             ... on level 4 of the Dungeon on May 17, 2021.
             The game lasted 00:04:25 (4012 turns).

H0rd4k the Charlatan (Human Artificer)              Turns: 4012, Time: 00:04:27

Health: 0/38       AC:  5    Str: 13    XL:     5   Next: 78%
Magic:  5/5        EV: 12    Int: 11    God:
Gold:   212        SH:  0    Dex: 14    Spells: 4/4 levels left

rFire    . . .     SeeInvis .   m - +0 dagger (venom)
rCold    . . .     Faith    .   (no shield)
rNeg     . . .     Spirit   .   b - +0 leather armour
rPois    .         Reflect  .   t - +0 helmet
rElec    .         Harm     .   (no cloak)
rCorr    +         Rampage  .   (no gloves)
Will     .....                  w - +0 pair of boots
Stlth    ++........             (no amulet)
HPRegen  0.12/turn              a - ring of resist corrosion
MPRegen  0.09/turn              (no ring)

@: no status effects
A: no striking features
a: no special abilities


You were on level 4 of the Dungeon.
You visited 1 branch of the dungeon, and saw 4 of its levels.

You collected 212 gold pieces.

Inventory:

Hand Weapons
 m - a +0 dagger of venom (weapon)
Missiles
 f - 2 javelins
Armour
 b - a +0 leather armour (worn)
 t - a +0 helmet (worn)
 w - a +0 pair of boots (worn)
Jewellery
 a - a ring of resist corrosion (left hand)
Wands
 c - a wand of flame (15) (quivered)
 d - a wand of enslavement (13)
 e - a wand of random effects (15)
Scrolls
 j - 3 scrolls of identify {unknown}
 n - 2 scrolls of teleportation {unknown}
 o - a scroll of fear {unknown}
 p - 2 scrolls of magic mapping {unknown}
 q - a scroll of fog {unknown}
 r - a scroll of blinking {unknown}
 s - a scroll of immolation {unknown}
Potions
 g - a potion of heal wounds
 h - a potion of brilliance {unknown}
 i - a potion of degeneration {unknown}
 k - a potion of magic {unknown}
 l - a potion of lignification {unknown}
 u - 3 potions of curing {unknown}
 v - a potion of attraction {unknown}


   Skills:
 + Level 1.9 Fighting
 + Level 2.0 Short Blades
 + Level 3.0 Armour
 + Level 2.1 Dodging
 + Level 2.2 Stealth
 + Level 3.5 Evocations


You had 4 spell levels left.
You didn't know any spells.
Your spell library was empty.

Dungeon Overview and Level Annotations

Branches:
Dungeon (4/15)
 Temple: D:4-7

Altars:
Ashenzari
The Shining One

Annotations:
D:3 1 runed translucent door, exclusions: door and downstairs, stil's ghost, amateur OpTm
D:4 Pikel


Message History

The lemure departs this earthly plane.
What are your orders? t - Shout!
Orders for allies: a - Attack new target. p - Attack previous target. r - Retreat! s - Stop attacking. g - Guard the area. f - Follow me.
Anything else - Cancel.
Guard this area!
An orc comes into view. It is wielding a -1 short sword.
A stone appears from out of your range of vision.
The stone hits Pikel but does no damage.
A stone appears from out of your range of vision.
A stone appears from out of your range of vision.
An orc priest comes into view.
Pikel closely misses the orc priest.
A stone appears from out of your range of vision.
The stone hits Pikel.
The orc priest mumbles some strange prayers to Beogh against you.
Beogh smites you!
You die...

#..#.##......#####
.#............K....
..........#.#.#.###
####.#<..#.# r.
###.#.# ... ..#.#
..# ###.#####.#
#...r.....#
#@#.#######
#.......# .5
#...##(####..5.
.....(.....>....
#......K.<#..
.........o........
###.#..........####
#..............
#.##.###.#.###


You could see an orc priest, a quokka and the friendly Pikel (charmed, very
poisoned).

Vanquished Creatures
  A hound (D:4)
  3 gnolls (D:2)
  An adder (D:3)
  A worm (D:2)
  3 dart slugs
  3 leopard geckos (D:2)
  6 giant cockroaches
  12 goblins
  10 hobgoblins
  2 jackals (D:3)
  2 quokkas (D:2)
  A ball python (D:2)
  6 bats
  3 frilled lizards
  7 kobolds
  7 rats
68 creatures vanquished.

Vanquished Creatures (collateral kills)
  Jessica (D:2)
  A goblin (D:2)
2 creatures vanquished.

Vanquished Creatures (others)
  An adder (D:2)
1 creature vanquished.

Grand Total: 71 creatures vanquished

Notes
Turn   | Place    | Note
-------+----------+-------------------------------------------
     0 | D:1      | H0rd4k the Human Artificer began the quest for the Orb.
     0 | D:1      | Reached XP level 1. HP: 15/15 MP: 1/1
   209 | D:1      | Reached XP level 2. HP: 13/21 MP: 2/2
   971 | D:1      | Reached XP level 3. HP: 22/26 MP: 3/3
  1958 | D:2      | Noticed Jessica
  1975 | D:2      | Killed Jessica
  1976 | D:2      | Reached XP level 4. HP: 29/33 MP: 4/4
  2135 | D:2      | Reached skill level 1 in Short Blades
  2525 | D:2      | Reached XP level 5. HP: 18/38 MP: 5/5
  2902 | D:2      | Found a glowing golden altar of the Shining One.
  3449 | D:3      | Found a broken altar of Ashenzari.
  3536 | D:3      | Found a runed translucent door.
  3537 | D:3      | Noticed stil's ghost (amateur OpTm)
  3931 | D:4      | Noticed a lemure
  3932 | D:4      | Noticed a lemure
  3984 | D:4      | Noticed Pikel
  3993 | D:4      | Noticed a lemure
  4012 | D:4      | Killed from afar by an orc priest

Illustrated notes

Levels and vault maps discovered:
D:1:      dpeg_arrival_tiny_a, layout_loops_cross
D:2:      layout_loops_ring, lemuel_doored_altar, uniq_jessica
D:3:      layout_basic, cheibrodos_ashenzari_chains,
          ebering_ghost_reflecting_pool, minmay_ruptured
D:4:      layout_basic, serial_shops, shop_statue,
          nicolae_shop_temple_entry_statues_fountains, chequers_arboretum,
          nicolae_tso_swordbearing_angel, uniq_pikel, uniq_eustachio

Skill      XL: |  1  2  3  4  5 |
---------------+----------------+-----
Short Blades   | 1 2 |  2.0
Stealth        | 2 |  2.2
Dodging        | 2 |  2.1
Armour         | 3 |  3.0
Fighting       | |  1.9
Evocations     | |  3.5

Action                   |  1- 3 |  4- 6 || total
-------------------------+-------+-------++-------
Melee: Club              |   108 |       ||   108
       Dagger            |    62 |   149 ||   211
Evoke: Wand              |     1 |     1 ||     2
 Stab: Sleeping          |     1 |     3 ||     4
       Distracted        |       |     1 ||     1
Armor: Leather armour    |    42 |    22 ||    64
Dodge: Dodged            |   119 |    93 ||   212
